 Dungeon Crawl Stone Soup version 0.23.2-1-ga50397a6bc (webtiles) character file.

Game seed: 17569318033949604272

79 KleinerIrrer the Chopper (level 4, 0/35 HPs)
             Began as a Formicid Fighter on May 1, 2019.
             Killed from afar by Robin (5 damage)
             ... with a wand of flame (8)
             ... on level 1 of the Dungeon.
             The game lasted 00:03:13 (1032 turns).

KleinerIrrer the Chopper (Formicid Fighter)         Turns: 1032, Time: 00:03:14

Health: 0/35       AC:  6    Str: 25    XL:     4   Next: 64%
Magic:  4/4        EV:  8    Int:  9    God:
Gold:   96         SH:  9    Dex: 10    Spells: 3/3 levels left

rFire    . . .     SeeInvis +   a - +0 war axe
rCold    . . .     Gourm    .   c - +0 shield
rNeg     . . .     Faith    .   b - +0 scale mail
rPois    .         Spirit   .   (helmet unavailable)
rElec    .         Reflect  .   (no cloak)
rCorr    .         Harm     .   (no gloves)
MR       .....                  (no boots)
Stlth    ..........             (no amulet)
HPRegen  0.11/turn              (no ring)
MPRegen  0.09/turn              (no ring)

@: mighty
A: permanent stasis, dig shafts and tunnels, four strong arms, antennae 3
a: Dig, Shaft Self


You were on level 1 of the Dungeon.
You were not hungry.

You visited 1 branch of the dungeon, and saw 2 of its levels.

You collected 96 gold pieces.

Inventory:

Hand Weapons
 a - a +0 war axe (weapon)
Missiles
 n - a throwing net (quivered)
Armour
 b - a +0 scale mail (worn)
 c - a +0 shield (worn)
Scrolls
 e - 2 scrolls of teleportation {unknown}
 h - a scroll of immolation {unknown}
 i - 2 scrolls of remove curse {unknown}
 l - a scroll of magic mapping {unknown}
 m - a scroll of identify {unknown}
Potions
 g - a potion of curing {unknown}
 j - a potion of agility {unknown}
 o - a potion of berserk rage {unknown}
Comestibles
 f - 4 rations
 k - 2 chunks of flesh


   Skills:
 - Level 3.2 Fighting
 + Level 4.5 Axes
 - Level 3.2 Armour
 - Level 3.6 Shields


You had 3 spell levels left.
You didn't know any spells.
Your spell library was empty.

Dungeon Overview and Level Annotations

Branches:
Dungeon (2/15)

Altars:

Annotations:
D:1 Robin


Innate Abilities, Weirdness & Mutations

You cannot be hasted, slowed, berserked, paralysed or teleported.
You can dig through walls and to a lower floor.
Your four strong arms can wield two-handed weapons with a shield.
You have a pair of large antennae on your head. (SInv)


Message History

Robin zaps a wand.
The puff of flame hits you but does no damage.
You closely miss Robin.
Robin is moderately wounded.
You block Robin's attack. Robin hits you but does no damage.
Your shield prevents you from hitting Robin.
Robin is moderately wounded.
Robin hits you but does no damage.
You hit Robin.
Robin is severely wounded.
Robin zaps a wand.
The puff of flame hits you!
You closely miss Robin.
Robin is severely wounded.
Robin zaps a wand.
The puff of flame hits you!
* * * LOW HITPOINT WARNING * * *
Robin closely misses you.
Unknown command.
You feel very mighty all of a sudden.
Robin zaps a wand.
The puff of flame hits you.
You die...

##################
............)..g@#
#####.#.##########
#...# #.###
#####.# ##....#
##.##.# ##.##.#
...##.#


You could see Robin.

Vanquished Creatures
  An adder (D:2)
  An ooze (D:1)
  4 dart slugs
  3 leopard geckos
  3 giant cockroaches (D:2)
  11 goblins
  6 hobgoblins
  6 bats (D:1)
  2 frilled lizards
  8 kobolds
  7 rats
52 creatures vanquished.

Notes
Turn   | Place    | Note
-------+----------+-------------------------------------------
     0 | D:1      | KleinerIrrer the Formicid Fighter began the quest for the
                  | Orb.
     0 | D:1      | Reached XP level 1. HP: 18/18 MP: 1/1
    94 | D:1      | Reached XP level 2. HP: 21/24 MP: 2/2
   229 | D:1      | Reached skill level 3 in Axes
   292 | D:1      | Reached XP level 3. HP: 29/29 MP: 3/3
   667 | D:2      | Reached skill level 4 in Axes
   667 | D:2      | Reached XP level 4. HP: 35/35 MP: 4/4
   994 | D:2      | Noticed Robin
  1032 | D:1      | Killed from afar by Robin

Skill      XL: |  1  2  3 |
---------------+----------+-----
Axes           | 3 4 |  4.5
Fighting       | |  3.2
Armour         | |  3.2
Shields        | |  3.6

Action                   |  1- 3 |  4- 6 || total
-------------------------+-------+-------++-------
Melee: War axe           |    71 |    56 ||   127
Throw: Throwing net      |     3 |       ||     3
  Use: Potion            |       |     1 ||     1
  Eat: Chunk             |       |     1 ||     1
Armor: Scale mail        |    27 |    34 ||    61
Dodge: Dodged            |    26 |    11 ||    37
Block: Shield            |    49 |    22 ||    71
